 Dungeon Crawl Stone Soup version 0.21-a0-171-g0f4a3b6 (webtiles) character file.

17085 tilp the Arsonist (level 12, -15/97 HPs)
             Began as a Hill Orc Fire Elementalist on Aug 7, 2017.
             Was a High Priest of Okawaru.
             Hit by a large rock thrown by a cyclops (20 damage)
             ... on level 12 of the Dungeon.
             The game lasted 01:03:06 (16204 turns).

tilp the Arsonist (Hill Orc Fire Elementalist)     Turns: 16204, Time: 01:03:07

Health: -15/97     AC: 14    Str: 12      XL:     12   Next: 44%
Magic:  19/19      EV:  9    Int: 17 (19) God:    Okawaru [*****.]
Gold:   578        SH:  0    Dex: 10 (11) Spells: 1/19 levels left

rFire    + . .     SeeInvis .   k - +9 spear "Madotos" {venom, rF+ rN+ MR+}
rCold    + + .     Gourm    .   (no shield)
rNeg     + . .     Faith    .   y - +0 ice dragon scales
rPois    .         Spirit   .   E - +2 hat
rElec    .         Reflect  .   P - +0 cloak
rCorr    .         Harm     .   (no gloves)
MR       +....                  (no boots)
Stlth    ..........             (no amulet)
HPRegen  0.26/turn              j - +2 ring of slaying
MPRegen  0.16/turn              i - ring of wizardry

@: very slightly contaminated
A: thin metallic scales 1, deterioration 1, fire resistance 1, high mp 1
a: Heroism, Finesse, Renounce Religion


You were on level 12 of the Dungeon.
You worshipped Okawaru.
Okawaru was extremely pleased with you.
You were not hungry.

You visited 2 branches of the dungeon, and saw 13 of its levels.
You also visited: Labyrinth.

You collected 838 gold pieces.
You spent 260 gold pieces at shops.

Inventory:

Hand Weapons
 k - the +9 spear "Madotos" (weapon) {venom, rF+ rN+ MR+}
   (You found it in a labyrinth)

   It poisons the flesh of those it strikes.
   It protects you from fire.
   It protects you from negative energy.
   It affects your resistance to hostile enchantments.
 x - a +1 short sword of flaming
 R - a +5 battleaxe
Missiles
 u - 17 tomahawks
 D - 5 javelins of returning (quivered)
 F - 4 silver javelins
Armour
 n - a +1 leather armour of positive energy
 y - +0 ice dragon scales (worn)
 E - a +2 hat (worn)
 N - a +3 buckler of protection
 P - a +0 cloak (worn)
 V - a +0 troll leather armour
Jewellery
 h - an uncursed ring of fire
 i - a ring of wizardry (right hand)
 j - a +2 ring of slaying (left hand)
 T - a +3 ring of dexterity
 X - an uncursed ring of ice
Wands
 f - a wand of lightning (8/15)
 l - a wand of flame (3/48)
 m - a wand of acid (3/15)
 t - a wand of digging (17/24)
 A - a wand of acid (1/15)
 G - a wand of flame (48/48)
 Y - a wand of iceblast (1/15)
Scrolls
 d - a scroll of amnesia
 g - a scroll of recharging
 p - 4 scrolls of remove curse
 q - a scroll of immolation
 v - 3 scrolls of teleportation
 z - a scroll of magic mapping
 M - a scroll of fog
Potions
 e - a potion of invisibility
 o - a potion of lignification {unknown}
 r - 5 potions of flight
 B - 5 potions of curing
 J - 2 potions of berserk rage
 U - a potion of heal wounds {unknown}
Books
 a - a book of Misfortune

   Spells                             Type                      Level
   a - Confusing Touch                Hexes                        1
   b - Confuse                        Hexes                        3
   c - Gell's Gravitas                Translocation                3
   d - Petrify                        Transmutation/Earth          4
   e - Metabolic Englaciation         Hexes/Ice                    5
   f - Yara's Violent Unravelling     Hexes/Transmutation          5
 b - a book of Flames

   Spells                             Type                      Level
   a - Flame Tongue                   Conjuration/Fire             1
   b - Throw Flame                    Conjuration/Fire             2
   c - Conjure Flame                  Conjuration/Fire             3
   d - Inner Flame                    Hexes/Fire                   3
   e - Sticky Flame                   Conjuration/Fire             4
   f - Fireball                       Conjuration/Fire             5
 H - a book of Callings

   Spells                             Type                      Level
   a - Summon Small Mammal            Summoning                    1
   b - Call Imp                       Summoning                    2
   c - Call Canine Familiar           Summoning                    3
   d - Summon Guardian Golem          Hexes/Summoning              3
   e - Summon Lightning Spire         Summoning/Air                4
   f - Summon Ice Beast               Ice/Summoning                4
 Q - a book of Cantrips

   Spells                             Type                      Level
   a - Confusing Touch                Hexes                        1
   b - Animate Skeleton               Necromancy                   1
   c - Summon Small Mammal            Summoning                    1
   d - Apportation                    Translocation                1
Miscellaneous
 I - a crystal ball of energy
Comestibles
 c - 7 bread rations
 s - 11 royal jellies
 w - 4 chunks of flesh


   Skills:
 + Level 6.9 Fighting
 - Level 5.2 Dodging
 - Level 1.5 Stealth
 - Level 4.0 Spellcasting
 * Level 12.3 Conjurations
 * Level 13.5 Fire Magic


You had one spell level left.
You knew the following spells:

 Your Spells              Type           Power        Failure   Level  Hunger
a - Flame Tongue          Conj/Fire      #####        1%          1    None
b - Throw Flame           Conj/Fire      #####.       1%          2    ##.....
c - Conjure Flame         Conj/Fire      #####...     1%          3    ###....
d - Sticky Flame          Conj/Fire      #####...     2%          4    ####...
e - Summon Small Mammal   Summ           #...         43%         1    None
f - Animate Skeleton      Necr           N/A          43%         1    None
g - Apportation           Tloc           #.....       43%         1    None
h - Fireball              Conj/Fire      #####.....   7%          5    ######.


Dungeon Overview and Level Annotations

Branches:
Dungeon (12/15)            Temple (1/1) D:7            Lair (0/6) D:10
    Orc (0/2) D:11

Altars:
Ashenzari
Cheibriados
Dithmenos
Elyvilon
Fedhas
Gozag
Hepliaklqana
Kikubaaqudgha
Makhleb
Nemelex Xobeh
Okawaru
Qazlal
Ru
Sif Muna
Trog
Uskayaw
Vehumet
Wu Jian
Xom
Yredelemnul
Zin
The Shining One

Shops:
D:8 :   D:11 =

Annotations:
D:6 cyclops!


Innate Abilities, Weirdness & Mutations

You are partially covered in thin metallic scales. (AC +2)
Your body sometimes deteriorates upon taking damage.
Your flesh is heat resistant. (rF+)
You have an increased reservoir of magic. (+10% MP)


Message History

You kill Azrael!
Okawaru is honoured by your kill.
The bolt of acid misses the hell hound.
Evoking this partially-identified wand wasted a few charges.
The hell hound bites you but does no damage.
The hell hound breathes flames at you. The blast of flame hits you! You resist.
* * * LOW HITPOINT WARNING * * *
The hell hound bites you but does no damage.
Blink to where?
Press: ? - help, Dir - move target cursor You are very lightly contaminated with residual magic.
As you read the scroll of blinking, it crumbles to dust.
As you read the scroll of teleportation, it crumbles to dust.
You feel strangely unstable.
Your surroundings suddenly seem different.
A kobold comes into view. It is wielding a dagger.
The kobold shouts!
The cyclops throws a large rock.
The large rock hits you!!
You die...

#..##§#
#.E§h.#
##h#### #§#
#E# #### #h# .
... #h#
#...##.##.####
#......@...C.#
#...##.......#
.
#.K...........
#..#.##.#####.
#..#.# .#
....... .#
######§#### .§


You could see a cyclops and a kobold.

Vanquished Creatures
  Azrael (D:12)
  A minotaur (Lab)
  A centaur warrior (D:10)
  8 two-headed ogres
  3 unseen horrors
  A cyclops (D:11)
  2 gargoyles (D:10)
  A troll (D:10)
  2 hippogriffs
  Sigmund (D:2)
  A spriggan (D:10)
  4 yaks (D:9)
  Grum (D:11)
  A wyvern (D:11)
  A warg (D:11)
  Edmund (D:4)
  A water moccasin (D:6)
  2 hell hounds (D:12)
  4 orc warriors
  2 phantoms
  An eye of draining (D:10)
  A sky beast (D:8)
  2 ogres
  2 black bears
  2 ice beasts
  4 wolves (D:11)
  3 centaurs
  A gnoll sergeant (D:10)
  8 bullfrogs
  A wyvern zombie (D:9)
  2 scorpions
  9 killer bees
  3 wights (D:11)
  A vampire bat (D:5)
  A howler monkey (D:10)
  8 crimson imps
  A quasit (D:9)
  A bullfrog zombie (D:10)
  A bullfrog skeleton (D:6)
  4 hounds
  A jelly (D:8)
  7 orc priests
  Crazy Yiuf (D:2)
  2 centaur skeletons
  7 orc wizards
  3 iguanas
  9 worker ants
  A killer bee zombie (D:9)
  2 howler monkey zombies
  A worker ant zombie (D:9)
  5 gnolls (D:10)
  A howler monkey skeleton (D:4)
  13 adders
  2 shadow imps
  2 oozes
  An adder skeleton (D:4)
  2 worms
  A dart slug (D:2)
  7 leopard geckos
  51 orcs
  3 ball pythons
  7 bats
  2 bat skeletons (D:5)
  4 bat zombies (D:5)
  7 giant cockroaches
  10 goblins
  13 hobgoblins
  10 jackals
  7 kobolds
  3 quokkas
  A ball python skeleton (D:6)
  7 frilled lizards
  4 quokka zombies
  6 rats
298 creatures vanquished.

Vanquished Creatures (collateral kills)
  A hippogriff (D:10)
  A wraith (D:11)
  An orc warrior (D:10)
  An ogre (D:11)
  An orc wizard (D:10)
  A worker ant zombie (D:10)
  2 adders
  2 orcs (D:11)
10 creatures vanquished.

Grand Total: 308 creatures vanquished

Notes
Turn   | Place    | Note
-------+----------+-------------------------------------------
     0 | D:1      | tilp the Hill Orc Fire Elementalist began the quest for the Orb.
     0 | D:1      | Reached XP level 1. HP: 14/14 MP: 3/3
   140 | D:1      | Reached XP level 2. HP: 3/20 MP: 3/5
   484 | D:1      | Learned a level 2 spell: Throw Flame
   760 | D:1      | Reached XP level 3. HP: 23/26 MP: 2/6
   765 | D:1      | Learned a level 3 spell: Conjure Flame
  1495 | D:2      | Gained mutation: Your body sometimes deteriorates upon taking damage. [potion of mutation]
  1495 | D:2      | Gained mutation: You have an increased reservoir of magic. (+10% MP) [potion of mutation]
  1495 | D:2      | Gained mutation: You are partially covered in thin metallic scales. (AC +2) [potion of mutation]
  1495 | D:2      | Gained mutation: Your flesh is heat resistant. (rF+) [potion of mutation]
  1513 | D:1      | HP: 1/26 [poisoned by an adder]
  1875 | D:2      | Reached XP level 4. HP: 15/33 MP: 8/8
  2263 | D:2      | Noticed Sigmund
  2412 | D:2      | Found a runed door.
  2487 | D:3      | Found a white marble altar of Elyvilon.
  2488 | D:3      | Found an ornate altar of the Wu Jian Council.
  2864 | D:3      | Found a shadowy altar of Dithmenos.
  3023 | D:3      | Found a shimmering altar of Xom.
  3023 | D:3      | Found a deep blue altar of Sif Muna.
  3024 | D:3      | Found a glowing golden altar of the Shining One.
  3053 | D:3      | Found a sacrificial altar of Ru.
  3079 | D:3      | Reached XP level 5. HP: 18/39 MP: 5/9
  3655 | D:3      | Reached skill level 4 in Fire Magic
  3679 | D:3      | Reached skill level 1 in Fighting
  3805 | D:4      | Reached XP level 6. HP: 47/47 MP: 8/10
  4183 | D:4      | Noticed Edmund
  4207 | D:4      | Reached skill level 5 in Fire Magic
  4875 | D:5      | Entered Level 5 of the Dungeon
  5130 | D:5      | Reached XP level 7. HP: 51/56 MP: 11/11
  5234 | D:5      | Found a radiant altar of Vehumet.
  5400 | D:5      | Reached skill level 6 in Fire Magic
  5406 | D:5      | Reached skill level 5 in Conjurations
  5683 | D:5      | Reached XP level 8. HP: 66/66 MP: 1/12
  6007 | D:5      | Found an ancient bone altar of Kikubaaqudgha.
  6236 | D:5      | Reached skill level 7 in Fire Magic
  6400 | D:6      | Learned a level 4 spell: Sticky Flame
  6406 | D:6      | Learned a level 1 spell: Summon Small Mammal
  6766 | D:6      | Reached skill level 5 in Fighting
  6914 | D:6      | Reached skill level 8 in Fire Magic
  7256 | D:6      | Noticed a cyclops
  7363 | D:7      | Found a staircase to the Ecumenical Temple.
  7416 | D:7      | Reached XP level 9. HP: 68/74 MP: 14/14
  7744 | D:7      | Found a stormy altar of Qazlal.
  8193 | D:8      | Found a radiant altar of Vehumet.
  8220 | D:8      | Found a glowing silver altar of Zin.
  8246 | D:8      | Noticed a two-headed ogre
  8258 | D:8      | Killed a two-headed ogre
  8258 | D:8      | Reached skill level 9 in Fire Magic
  8336 | D:8      | Found Vobaqyrch's Book Emporium.
  8501 | Temple   | Entered the Ecumenical Temple
  8508 | Temple   | Became a worshipper of Warmaster Okawaru
  8649 | D:8      | Noticed a two-headed ogre
  8674 | D:8      | Killed a two-headed ogre
  8674 | D:8      | Reached XP level 10. HP: 81/81 MP: 3/15
  8910 | D:8      | Reached * piety under Okawaru
  8939 | D:8      | Reached skill level 10 in Fire Magic
  9233 | D:8      | Noticed a two-headed ogre
  9251 | D:8      | Killed a two-headed ogre
  9411 | D:8      | Found a hide-covered altar of Uskayaw.
  9413 | D:8      | Noticed a hand axe
  9413 | D:8      | Noticed a hand axe
  9692 | D:4      | Killed Edmund
  9848 | D:2      | Noticed Crazy Yiuf
  9854 | D:2      | Killed Crazy Yiuf
 10260 | D:2      | Killed Sigmund
 10497 | D:8      | Bought a book of Cantrips for 260 gold pieces
 10499 | D:8      | Learned a level 1 spell: Animate Skeleton
 10501 | D:8      | Learned a level 1 spell: Apportation
 10650 | D:9      | Noticed a two-headed ogre
 10656 | D:9      | Killed a two-headed ogre
 10656 | D:9      | Reached ** piety under Okawaru
 10656 | D:9      | Reached skill level 5 in Dodging
 10681 | D:9      | Noticed a two-headed ogre
 10709 | D:9      | Killed a two-headed ogre
 10709 | D:9      | Reached skill level 10 in Conjurations
 10709 | D:9      | Reached skill level 11 in Fire Magic
 10896 | D:9      | Noticed a two-headed ogre
 10911 | D:9      | Killed a two-headed ogre
 10911 | D:9      | Reached XP level 11. HP: 86/86 MP: 5/17
 11585 | D:9      | Reached *** piety under Okawaru
 11881 | D:10     | Entered Level 10 of the Dungeon
 12048 | D:10     | Found a staircase to the Lair.
 12298 | D:10     | Noticed a two-headed ogre
 12377 | D:10     | Killed a two-headed ogre
 12377 | D:10     | Reached skill level 12 in Fire Magic
 12574 | D:10     | Reached **** piety under Okawaru
 13018 | D:10     | Learned a level 5 spell: Fireball
 13166 | D:10     | Noticed a centaur warrior
 13189 | D:10     | Killed a centaur warrior
 13459 | D:11     | Found a labyrinth entrance.
 13461 | D:11     | Noticed an unseen horror
 13465 | D:11     | Killed an unseen horror
 13475 | Lab      | Entered a labyrinth
 13873 | Lab      | Noticed a minotaur
 13911 | Lab      | Killed a minotaur
 13911 | Lab      | Reached ***** piety under Okawaru
 13911 | Lab      | Received a gift from Okawaru
 13933 | Lab      | Got a steaming spear
 14082 | D:10     | Identified the +9 spear "Madotos" {venom, rF+ rN+ MR+} (You found it in a labyrinth)
 14237 | D:11     | Found a staircase to the Orcish Mines.
 14311 | D:11     | Reached XP level 12. HP: 84/96 MP: 19/19
 14819 | D:11     | Found Hovvusch's Jewellery Shop.
 14955 | D:11     | Noticed Grum
 14966 | D:11     | Killed Grum
 14966 | D:11     | Reached skill level 13 in Fire Magic
 14971 | D:11     | Received a gift from Okawaru
 15530 | D:11     | Received a gift from Okawaru
 15645 | D:12     | Got a fine iron ring
 15647 | D:12     | Identified the cursed ring of Tolotox {rF+ Slay-2} (You found it on level 12 of the Dungeon)
 15808 | D:12     | Noticed a two-headed ogre
 15819 | D:12     | Killed a two-headed ogre
 16159 | D:12     | Noticed Azrael
 16197 | D:12     | Killed Azrael
 16200 | D:12     | HP: 4/97 [hell hound/blast of flame[Azrael] (5)]
 16204 | D:12     | Hit by a large rock thrown by a cyclops

Vault maps used:
D:1:      dpeg_arrival_rhombus, serial_forest, infiniplex_forest_lined_1,
          infiniplex_forest_clump_medium, infiniplex_forest_fountain,
          infiniplex_forest_straight_2, infiniplex_forest_clump_tiny,
          infiniplex_forest_lined_2, infiniplex_forest_clump_long,
          infiniplex_forest_lined_room_2, infiniplex_forest_clump_small
D:2:      uniq_crazy_yiuf_cottage, uniq_sigmund
D:3:      nicolae_overflow_quartered_altars, nicolae_overflow_hidden_temple,
          first_bread, nicolae_dithmenos_shadow_blocks
D:4:      uniq_edmund
D:5:      kennysheep_vampire_church, enter_ossuary_4, vehumet_altar_wand_db
D:6:      grunt_ministairs_4
D:7:      nicolae_qazlal_general_emergency, minmay_temple_entry_from_below_a
D:8:      marbit_many_paths, kennysheep_mini_moat, dancing_weapons_uskayaw,
          serial_shops, shop
D:10:     lair_entry_dummy, the_bakery, nooodl_food_tri
D:11:     erik_orc_4, lab_entry_generic, serial_shops, kennysheep_little_box,
          minmay_liquid_box, minmay_holes, uniq_grum
D:12:     serial_glass, glass_columns_a, glass_columns_a, glass_columns_a,
          glass_columns_c, glass_columns_b, glass_columns_a, serial_shops,
          statue_bzr, uniq_azrael, uniq_maurice, uniq_fannar
Temple:   eino_temple_lava
Lab:      labyrinth_watery, nicolae_lab_starburst, nicolae_lab_statue

Skill      XL: |  1  2  3  4  5  6  7  8  9 10 11 12 |
---------------+-------------------------------------+-----
Spellcasting   | 2 3 4 |  4.0
Conjurations   | 2 3 4 5 6 8 10 11 12 | 12.3
Fire Magic     | 4 5 6 8 9 11 12 13 | 13.5
Fighting       | 1 2 4 5 6 |  6.9
Dodging        | 2 4 5 |  5.2
Stealth        | |  1.5

Action                   |  1- 3 |  4- 6 |  7- 9 | 10-12 || total
-------------------------+-------+-------+-------+-------++-------
Melee: Club              |    21 |       |       |       ||    21
       Dagger            |    54 |    70 |       |       ||   124
       Short sword       |       |    48 |   234 |   243 ||   525
       Spear             |       |       |       |    91 ||    91
Throw: Tomahawk          |       |     3 |     3 |     4 ||    10
 Cast: Flame Tongue      |    25 |    51 |    72 |   129 ||   277
       Conjure Flame     |       |     8 |     6 |    16 ||    30
       Throw Flame       |       |     3 |     9 |    13 ||    25
       Sticky Flame      |       |       |     1 |    35 ||    36
       Apportation       |       |       |       |     2 ||     2
       Animate Skeleton  |       |       |       |    19 ||    19
       Fireball          |       |       |       |     5 ||     5
Invok: Heroism           |       |       |       |     3 ||     3
Evoke: Wand              |       |       |       |     5 ||     5
  Use: Potion            |     3 |       |       |     4 ||     7
       Scroll            |       |     9 |     8 |     7 ||    24
 Stab: Sleeping          |     3 |     2 |     2 |     1 ||     8
       Invisible         |       |       |       |     1 ||     1
  Eat: Chunk             |     3 |    10 |     4 |    14 ||    31
       Fruit             |       |     3 |       |     1 ||     4
       Meat ration       |       |       |     1 |     3 ||     4
       Bread ration      |       |       |     1 |     1 ||     2
Armor: Robe              |     5 |       |       |       ||     5
       Leather armour    |     8 |    40 |    89 |    72 ||   209
       Ice dragon scales |       |       |       |    67 ||    67
       Troll leather arm |       |       |       |    20 ||    20
Dodge: Dodged            |    55 |    66 |   101 |   212 ||   434
Block: Buckler           |       |     9 |    57 |    84 ||   150
